 Dungeon Crawl Stone Soup version 0.19-a0-1553-g64c24c3 (webtiles) character file.

157 Sixotanaka the Caller (level 5, -2/35 HPs)
             Began as a Vampire Summoner on Sept 14, 2016.
             Killed by divine providence
             ... invoked by an orc priest
              (17 damage)
             ... on level 4 of the Dungeon.
             The game lasted 00:09:11 (3961 turns).

Sixotanaka the Caller (Vampire Summoner)            Turns: 3961, Time: 00:09:11

Health: -2/35      AC:  4    Str:  7    XL:     5   Next: 15%
Magic:  3/8        EV: 12    Int: 19    God:
Gold:   176        SH:  0    Dex: 14    Spells: 2 memorised, 4 levels left

rFire  . . .     SeeInvis +     l - +0 spear
rCold  + + .     Gourm    .     a - +0 robe
rNeg   + + .     Faith    .     (no shield)
rPois  +         Spirit   .     q - +1 helmet
rElec  .         Dismiss  .     (no cloak)
rCorr  .         Reflect  .     (no gloves)
MR     .....     Harm     .     (no boots)
Stlth  ++........               (no amulet)
                                d - ring of protection from cold
                                m - ring of see invisible

@: regenerating slowly
A: fangs 3, see invisible, unbreathing
a: Bat Form


You were on level 4 of the Dungeon.
You were thirsty.

You visited 1 branch of the dungeon, and saw 4 of its levels.

You collected 176 gold pieces.


Innate Abilities, Weirdness & Mutations

You heal slowly.
You have razor-sharp teeth.
You have supernaturally acute eyesight. (SInv)
You can survive without breathing.


   Skills:
 - Level 2.1 Dodging
 - Level 3.0 Stealth
 - Level 2.0 Spellcasting
 + Level 6.5 Summonings


You had 4 spell levels left.
You knew the following spells:

 Your Spells              Type           Power        Failure   Level  Hunger
a - Summon Small Mammal   Summ           ####         1%          1    #......
b - Call Canine Familiar  Summ           ####....     3%          3    ###....


Dungeon Overview and Level Annotations

Branches:
Dungeon (4/15)
 Temple: D:4-7

Altars:

Annotations:
D:3 TheGoonsmith's ghost, amateur DEFE

Inventory:

Hand Weapons
 k - a +0 trident
   (You found it on level 2 of the Dungeon)
 l - a +0 spear (weapon)
   (You found it on level 2 of the Dungeon)
Armour
 a - a +0 robe (worn)
 q - a +1 helmet (worn)
   (You took it off Robin on level 2 of the Dungeon)
Jewellery
 d - a ring of protection from cold (right hand)
   (You found it on level 2 of the Dungeon)
 f - an uncursed ring of flight
   (You found it on level 1 of the Dungeon)
 m - a ring of see invisible (left hand)
   (You found it on level 3 of the Dungeon)
Scrolls
 g - 3 scrolls of teleportation {@r4}
 h - a scroll of amnesia {unknown}
 i - 2 scrolls of magic mapping {unknown}
 j - 3 scrolls of remove curse {@r2}
 s - a scroll of fog {unknown}
Potions
 c - 21 potions of blood {@q0}
 e - 2 potions of lignification {!q}
 n - 2 potions of ambrosia
 o - a potion of cure mutation
 p - 3 potions of curing {@q1}
 r - a potion of heal wounds {unknown}
 t - a potion of invisibility {unknown}
 u - a potion of might {unknown}
Books
 b - a book of Callings

#### .... .....
####....#
##........
#.[.......
#######o)......
#.@...oo##...<.
#.####..# ..##
#.####..# .#
#.#.....# #
#..#.#.##
##.###..# #.##
##.# ##.###.##
##.#.##


You could see an orc priest and 2 orcs.


Message History

Your hound's corpse disappears in a puff of smoke!
Your bat barely misses the orc.
An orc comes into view. It is wielding a whip.
What are your orders? t - Shout!
Orders for allies: a - Attack new target. r - Retreat! s - Stop attacking. g - Guard the area. f - Follow me.
Anything else - Cancel.
Gang up on whom?
Aim: an orc priest (moderately wounded) Attack!
Your bat hits the orc.
Your bat hits the orc but does no damage.
The orc hits your bat with a hand axe.
Your bat hits the orc. You hit the orc priest. Your bite misses the orc priest.
Your bat completely misses the orc priest.
The orc priest calls down the wrath of Beogh upon you.
Beogh smites you!
The orc hits your bat but does no damage.
Your bat completely misses the orc.
You hit the orc priest. Your bat hits the orc priest. Your bat hits the orc.
The orc priest hits you. The orc hits your bat with a hand axe.
Your bat dies!
Your bat's corpse disappears in a puff of smoke!
You hit the orc priest but do no damage.
The orc priest invokes the aid of Beogh against you.
Pain shoots through your body!
* * * LOW HITPOINT WARNING * * *
The orc hits your rat with a hand axe.
Your rat dies!
Your rat's corpse disappears in a puff of smoke!
The orc priest barely misses you.
You hit the orc priest but do no damage.
The orc closely misses your quokka.
Your quokka completely misses the orc priest.
The orc priest hits you.
* * * LOW HITPOINT WARNING * * *
The orc misses your quokka.
Your quokka completely misses the orc priest.
The orc priest looks braver for a moment.
Your quokka bites the orc priest.
The orc closely misses your quokka.
Your quokka barely misses the orc priest.
The orc completely misses your quokka.
The orc priest invokes the aid of Beogh against your quokka.
Your quokka is smitten.
Your quokka dies!
Your quokka's corpse disappears in a puff of smoke!
The orc priest mumbles some strange prayers to Beogh against you.
Beogh smites you!
You die...

Vault maps used:
D:1:      dpeg_arrival_connections, lemuel_another_geyser
D:2:      item_on_display_a, uniq_natasha, uniq_robin
D:4:      nicolae_gozag_cash_rules_everything_around_me

Vanquished Creatures
  Natasha (D:2)
  An adder (D:1)
  2 worms (D:2)
  2 orcs (D:3)
  A ball python (D:1)
  2 bats
  7 goblins
  2 hobgoblins
  A jackal (D:2)
  A quokka (D:2)
  2 kobolds
  A quokka skeleton (D:4)
  3 rats (D:2)
26 creatures vanquished.

Vanquished Creatures (collateral kills)
  2 orc wizards (D:3)
  Natasha (twice) (D:2)
  Robin (D:2)
  2 adders
  A worm (D:3)
  A dart slug (D:2)
  2 giant geckos
  9 orcs
  2 bats (D:1)
  8 goblins
  3 hobgoblins (D:2)
  3 jackals
  2 ball pythons (D:1)
  A kobold (D:3)
  4 rats
43 creatures vanquished.

Grand Total: 69 creatures vanquished

Table legend:
 A = Turns spent in this place as a percentage of turns spent in the entire game.
 B = Non-inter-level travel turns spent in this place as a percentage of non-inter-level travel turns spent in the entire game.
 C = Inter-level travel turns spent in this place as a percentage of turns spent in this place.
 D = Turns resting spent in this place as a percentage of non-inter-level travel turns spent in this place.
 E = Turns spent auto-exploring this place as a percentage of non-inter-level travel turns spent in this place.
 F = Non-inter-level travel turns spent in this place divided by the number of levels of this place that you've seen.
                   A       B       C       D       E      F
               +-------+-------+-------+-------+-------+----------------------
         Total | 100.0 | 100.0 |   0.7 |   5.8 |  14.5 | 265.0
       Dungeon | 100.0 | 100.0 |   0.7 |   5.8 |  14.5 | 265.0
               +-------+-------+-------+-------+-------+----------------------

Table legend:
 A = Kills in this place as a percentage of kills in entire the game.
 B = Kills by you in this place as a percentage of kills by you in the entire game.
 C = Kills by friends in this place as a percentage of kills by friends in the entire game.
 D = Other kills in this place as a percentage of other kills in the entire game.
 E = Experience gained in this place as a percentage of experience gained in the entire game.
 F = Experience gained in this place divided by the number of levels of this place that you have seen.
                   A       B       C       D       E      F
               +-------+-------+-------+-------+-------+----------------------
         Total | 100.0 | 100.0 | 100.0 |  -nan | 100.0 |  56.2
       Dungeon | 100.0 | 100.0 | 100.0 |  -nan | 100.0 |  56.2
               +-------+-------+-------+-------+-------+----------------------

Notes
Turn   | Place    | Note
-------+----------+-------------------------------------------
     0 | D:1      | Sixotanaka the Vampire Summoner began the quest for the Orb.
     0 | D:1      | Reached XP level 1. HP: 13/13 MP: 3/3
   755 | D:1      | Reached XP level 2. HP: 11/19 MP: 0/5
  1711 | D:2      | Noticed Natasha
  1731 | D:2      | Reached skill level 5 in Summonings
  1731 | D:2      | Reached XP level 3. HP: 15/24 MP: 4/6
  1745 | D:2      | Killed Natasha
  1926 | D:2      | Noticed Robin
  2200 | D:2      | Learned a level 3 spell: Call Canine Familiar
  2297 | D:2      | Noticed Natasha
  2303 | D:2      | Killed Natasha
  2303 | D:2      | Reached XP level 4. HP: 27/30 MP: 4/7
  2515 | D:2      | Noticed Natasha
  2522 | D:2      | Killed Natasha
  2588 | D:2      | Killed Robin
  2588 | D:2      | Reached skill level 6 in Summonings
  2856 | D:3      | Noticed TheGoonsmith's ghost (amateur DEFE)
  3006 | D:3      | Reached XP level 5. HP: 35/35 MP: 3/8
  3961 | D:4      | Killed from afar by an orc priest

Action                   |  1- 3 |  4- 6 || total
-------------------------+-------+-------++-------
Melee: Dagger            |    24 |       ||    24
       Spear             |    41 |    50 ||    91
       Bite              |     3 |     1 ||     4
       Short sword       |     2 |       ||     2
 Cast: Summon Small Mamm |    54 |    10 ||    64
       Call Canine Famil |     1 |    15 ||    16
  Use: Potion            |     4 |     6 ||    10
       Scroll            |       |     5 ||     5
 Stab: Sleeping          |     1 |     4 ||     5
       Distracted        |     1 |       ||     1
Armor: Robe              |    20 |     2 ||    22
Dodge: Dodged            |    48 |     5 ||    53
